 Dungeon Crawl Stone Soup version 0.21.1-1-g345015f (webtiles) character file.

75 suicidejoker the Insei (level 4, 0/28 HPs)
             Began as an Octopode Transmuter on Mar 31, 2018.
             Slain by Natasha (7 damage)
             ... on level 2 of the Dungeon.
             The game lasted 00:03:48 (2216 turns).

suicidejoker the Insei (Octopode Transmuter)        Turns: 2216, Time: 00:03:49

Health: 0/28       AC:  1    Str:  9    XL:     4   Next: 31%
Magic:  16/16      EV: 13    Int: 15    God:
Gold:   47         SH:  0    Dex: 13    Spells: 6/7 levels left

rFire    . . .     SeeInvis .   e - +0 dagger
rCold    . . .     Gourm    .   (no shield)
rNeg     . . .     Faith    .   (helmet restricted)
rPois    .         Spirit   .   (no amulet)
rElec    .         Reflect  .   k - ring of magical power
rCorr    .         Harm     .   (no ring)
MR       .....                  (no ring)
Stlth    +++.......             (no ring)
HPRegen  0.09/turn              (no ring)
MPRegen  0.15/turn              (no ring)
                                (no ring)
                                (no ring)

@: invisible
A: almost no armour, stealthy swim, amphibious, 8 rings, constrict 8, camouflage
1, gelatinous body 1
a: no special abilities


You were on level 2 of the Dungeon.
You were very hungry.

You visited 1 branch of the dungeon, and saw 2 of its levels.

You collected 47 gold pieces.

Inventory:

Hand Weapons
 e - a +0 dagger (weapon)
Missiles
 a - 45 arrows
 j - 22 poisoned needles
 n - 25 stones (quivered)
 o - 21 sling bullets
 p - 24 bolts
Jewellery
 k - a ring of magical power (left tentacle)
Scrolls
 d - a scroll of identify
 f - 2 scrolls of remove curse
 i - a scroll of enchant weapon {unknown}
 m - a scroll of noise {unknown}
Potions
 h - a potion of berserk rage {unknown}
 l - a potion of brilliance {unknown}
Books
 b - a book of Changes

   Spells                             Type                      Level
   a - Beastly Appendage              Transmutation                1
   b - Sticks to Snakes               Transmutation                2
   c - Spider Form                    Transmutation/Poison         3
   d - Ice Form                       Ice/Transmutation            4
   e - Blade Hands                    Transmutation                5
Comestibles
 c - 6 rations


   Skills:
 + Level 1.6 Fighting
 + Level 0.8 Throwing
 + Level 2.2 Dodging
 * Level 2.2 Stealth
 + Level 3.2 Unarmed Combat
 * Level 2.4 Spellcasting
 * Level 2.6 Transmutations


You had 6 spell levels left.
You knew the following spells:

 Your Spells              Type           Power        Failure   Level  Hunger
a - Beastly Appendage     Tmut           #.....       7%          1    #......


Dungeon Overview and Level Annotations

Branches:
Dungeon (2/15)

Altars:

Annotations:
D:2 Natasha


Innate Abilities, Weirdness & Mutations

You cannot wear most types of armour.
You are very stealthy in the water. (Stealth+)
You are amphibious.
You can wear up to eight rings at the same time.
You can use your tentacles to constrict eight enemies at once.
Your skin changes colour to match your surroundings (Stealth+).
Your rubbery body absorbs attacks. (AC +1, EV +1)


Message History

You puncture Natasha! You grab Natasha.
Natasha is heavily wounded.
You constrict Natasha, but do no damage.
Natasha claws you!
You hit Natasha but do no damage. You squeeze Natasha, but do no damage.
Natasha is heavily wounded.
You constrict Natasha. Natasha claws you!
You hit Natasha but do no damage.
Natasha is heavily wounded.
You constrict Natasha, but do no damage.
Natasha mumbles some strange words.
Natasha shimmers violently.
Natasha stares at you and mumbles some strange words.
The magic dart hits you!
* * * LOW HITPOINT WARNING * * *
It was a potion of invisibility.
You fade into invisibility!
You constrict Natasha, but do no damage.
Natasha claws you!
You die...

...................#.........>...
...................'..###.#######
.........##........#..# #.#
.##########.######.#..# #.# .#
#......#.#..# #.# .#
######.#.#... ..# .# #.#......###
.# #.###.##.# .# #@# .# .# .#
#.h...# .# ####### ##


You could see Natasha.

Vanquished Creatures
  2 gnolls (D:1)
  A worm (D:2)
  3 dart slugs
  5 bats (D:1)
  2 giant cockroaches (D:1)
  4 goblins (D:1)
  4 hobgoblins
  4 jackals (D:2)
  8 kobolds
  A quokka (D:2)
  4 frilled lizards
  6 rats
44 creatures vanquished.

Notes
Turn   | Place    | Note
-------+----------+-------------------------------------------
     0 | D:1      | suicidejoker the Octopode Transmuter began the quest for the Orb.
     0 | D:1      | Reached XP level 1. HP: 13/13 MP: 3/3
   275 | D:1      | Reached XP level 2. HP: 15/18 MP: 5/5
   291 | D:1      | Reached skill level 1 in Stealth
   527 | D:1      | Reached XP level 3. HP: 20/23 MP: 6/6
  1770 | D:2      | Reached XP level 4. HP: 28/28 MP: 7/7
  2208 | D:2      | Noticed Natasha
  2216 | D:2      | Slain by Natasha

Skill      XL: |  1  2  3 |
---------------+----------+-----
Stealth        | 1 2 |  2.2
Fighting       | |  1.6
Throwing       | |  0.8
Dodging        | |  2.2
Unarmed Combat | |  3.2
Spellcasting   | |  2.4
Transmutations | |  2.6

Action                   |  1- 3 |  4- 6 || total
-------------------------+-------+-------++-------
Melee: Dagger            |    73 |    38 ||   111
       Unarmed           |     8 |       ||     8
       Constrict         |    23 |    11 ||    34
       Tentacles         |    18 |     7 ||    25
       Punch             |     1 |     1 ||     2
  Use: Scroll            |     1 |       ||     1
       Potion            |       |     1 ||     1
 Stab: Sleeping          |     5 |     2 ||     7
       Distracted        |     1 |       ||     1
  Eat: Chunk             |     1 |     2 ||     3
Armor: Skin              |     6 |     1 ||     7
Dodge: Dodged            |    64 |    20 ||    84
